 Dungeon Crawl Stone Soup version 0.31-a0-750-gfe7b580527 (webtiles) character file.

Game seed: 7799054001440979098

1089 croobank the Ruffian (level 8, -3/60 HPs)
             Began as a Gnoll Shapeshifter on Sept 15, 2023.
             Was a Priest of Jiyva.
             Slain by an orc warrior
             ... wielding a +0 long sword
              (11 damage)
             ... on level 6 of the Dungeon.
             The game lasted 00:08:45 (4021 turns).

croobank the Ruffian (Gnoll Shapeshifter)           Turns: 4021, Time: 00:08:46

Health: -3/60      AC:  1    Str: 13    XL:     8   Next: 31%
Magic:  12/12      EV: 13    Int: 15    God:    Jiyva [***...]
Gold:   179        SH:  0    Dex: 11    Spells: 13/13 levels left

rFire   . . .        D - +4 war axe
rCold   . . .        (no shield)
rNeg    . . .        h - +0 leather armour
rPois   .            (helmet currently unavailable)
rElec   .            (cloak currently unavailable)
rCorr   +            (gloves currently unavailable)
SInv    +            (boots currently unavailable)
Will    .....        (no amulet)
Stlth   ++           q - ring of see invisible
HPRegen 1.42/turn    (no ring)
MPRegen 0.48/turn

%: no passive effects
@: beast-form
A: beast (slay +4), fangs 1, strong nose, distributed training, clever 1,
pseudopods 3
a: Begin Untransformation, Renounce Religion, Oozemancy


You were on level 6 of the Dungeon.
You worshipped Jiyva.
Jiyva was most pleased with you.
You were a hulking beast.
You visited 1 branch of the dungeon, and saw 6 of its levels.

You collected 179 gold pieces.

Inventory:

Hand Weapons
 f - a +1 short sword of holy wrath
 o - a +0 long sword
 s - a +2 hand axe of freezing
 t - a +0 trident
 D - a +4 war axe (weapon)
Missiles
 l - 2 boomerangs
Armour
 h - a +0 leather armour (worn)
 m - a +1 pair of boots
 r - the +6 chain mail of Tenacity {rN+}
   (You found it on level 4 of the Dungeon)

   rN+:       It protects you from negative energy.
 x - a +1 hat
Jewellery
 q - a ring of see invisible (left hand)
 z - a ring of resist corrosion
 B - the ring "Jeij" {EV+5 Str+9}
   (You found it on level 5 of the Dungeon)

   [ring of evasion]

   EV+5:      It affects your evasion (+5).
   Str+9:     It affects your strength (+9).
Talismans
 c - a beast talisman (active)
 d - a flux talisman
Wands
 C - a wand of iceblast (7)
Scrolls
 a - a scroll of amnesia {unknown}
 g - 5 scrolls of identify {unknown}
 i - a scroll of poison {unknown}
 j - 2 scrolls of teleportation {unknown}
 n - a scroll of fear {unknown}
 v - a scroll of revelation {unknown}
 w - a scroll of enchant weapon {unknown}
 y - a scroll of fog {unknown}
Potions
 b - 2 potions of lignification
 e - 2 potions of attraction {unknown}
 k - a potion of heal wounds {unknown}
 p - a potion of mutation {unknown}
 A - a potion of curing {unknown}


   Skills:
 + Level 4.1 Fighting
 + Level 3.2 Short Blades
 + Level 3.2 Long Blades
 + Level 3.2 Axes
 + Level 3.2 Maces & Flails
 + Level 3.2 Polearms
 + Level 3.2 Staves
 + Level 3.2 Ranged Weapons
 + Level 3.2 Throwing
 + Level 3.2 Armour
 + Level 5.6 Dodging
 + Level 3.2 Stealth
 + Level 3.2 Shields
 + Level 7.3 Unarmed Combat
 + Level 3.2 Spellcasting
 + Level 2.6 Conjurations
 + Level 2.6 Hexes
 + Level 2.6 Summonings
 + Level 2.6 Necromancy
 + Level 2.6 Translocations
 + Level 2.6 Transmutations
 + Level 2.6 Fire Magic
 + Level 2.6 Ice Magic
 + Level 2.6 Air Magic
 + Level 2.6 Earth Magic
 + Level 2.6 Poison Magic
 + Level 3.5 Invocations
 + Level 3.2 Evocations
 + Level 7.2 Shapeshifting


You had 13 spell levels left.
You didn't know any spells.
Your spell library was empty.

Dungeon Overview and Level Annotations

Branches:
Dungeon (6/15)             Temple (0/1) D:6

Altars:
Jiyva


Innate Abilities, Weirdness & Mutations

You are a hulking beast.
Your limbs bulge with bestial killing power. (Slay +4)
You have very sharp teeth.
Your uncanny sense of smell can sniff out nearby items.
Your experience applies equally to all skills.
Your mind is acute. (Int +4, Str/Dex -1)
Armour fits poorly on your massive pseudopods.


Message History

The ice beast is moderately wounded.
The orc wizard gestures wildly while chanting.
The orc wizard flickers and vanishes for a moment.
The ice beast hits you but does no damage.
The orc warrior shouts!
You hear a shout!
You completely miss the ice beast.
The ice beast is moderately wounded.
The ice beast barely misses you.
An orc comes into view. It is wielding a +0 short sword.
You hit the ice beast.
The ice beast is heavily wounded.
The ice beast hits you. The ice beast freezes you! The ice beast hits you.
The ice beast freezes you!
You slash the ice beast! You punch the ice beast.
You kill the ice beast!
You slash the orc wizard!
The orc wizard is almost dead.
The orc wizard gestures at you while chanting.
The puff of flame hits you!
You are too injured to fight recklessly!
You are too injured to fight recklessly!
You are too injured to fight recklessly!
You are too injured to fight recklessly!
You are too injured to fight recklessly!
You are too injured to fight recklessly!
You slash the orc wizard!
You kill the orc wizard!
The orc hits you with a +0 hand axe.
You slice the orc!!
You kill the orc!
You closely miss the orc warrior. You hit the orc.
The orc hits you but does no damage.
You hear a distant slurping noise.
The orc warrior hits you with a +0 long sword!
You barely miss the orc warrior. You slash the orc!
You kill the orc!
The orc warrior hits you with a +0 long sword!
* * * LOW HITPOINT WARNING * * *
The orc warrior hits you with a +0 long sword!
You die...

.......## . ........#
...... .J...#..# # ....J..#
....##....# ##. .... ...
....# ....##.. ... ....
....# ........# .. ....##
#...## .#.#....#. #.....##
##...##..####...)##.......#
.##........ #...ho.##.....#
...............##...#..>.##
............#..#..........#
)....#....##...##.........#
.##.##.........##.........#
##..# ...#.....#.......#.##
#..####.##.......#.....# #
....#...#.......##..#..#
..#.#.##.......###..#...#


You could see an orc warrior and a neutral jelly (wandering) (fellow slime).

Vanquished Creatures
  2 ice beasts (D:6)
  A black bear (D:5)
  2 ogres
  A phantom (D:4)
  Blork the orc (D:6)
  4 wights (D:6)
  2 hounds
  A sleepcap (D:5)
  2 orc wizards
  A gnoll (D:4)
  10 adders
  A shadow imp (D:6)
  An ufetubus (D:5)
  A worm (D:2)
  A dart slug (D:3)
  6 orcs
  3 bats
  3 endoplasms (D:1)
  2 giant cockroaches (D:1)
  5 goblins
  2 hobgoblins
  5 quokkas
  5 ball pythons
  2 frilled lizards (D:1)
  5 kobolds
  5 rats
74 creatures vanquished.

Vanquished Creatures (others)
  A black bear (D:5)
  A bullfrog (D:6)
  A scorpion (D:5)
  An orc priest (D:5)
  4 jellies
  An iguana (D:5)
  2 orc wizards
  An adder (D:3)
  2 gnolls (D:4)
  An ufetubus (D:5)
  3 orcs
  3 endoplasms
  A goblin (D:4)
  2 hobgoblins
  A kobold (D:4)
  A quokka (D:4)
  A rat (D:3)
27 creatures vanquished.

Grand Total: 101 creatures vanquished

Notes
Turn   | Place    | Note
-------+----------+-------------------------------------------
     0 | D:1      | croobank the Gnoll Shapeshifter began the quest for the
                  | Orb.
     0 | D:1      | Reached XP level 1. HP: 17/17 MP: 1/1
    86 | D:1      | Reached XP level 2. HP: 10/23 MP: 2/2
   595 | D:2      | Reached XP level 3. HP: 25/28 MP: 3/3
   708 | D:2      | Reached skill level 1 in Invocations
  1113 | D:2      | Reached skill level 1 in Short Blades
  1113 | D:2      | Reached skill level 1 in Long Blades
  1113 | D:2      | Reached skill level 1 in Axes
  1113 | D:2      | Reached skill level 1 in Maces & Flails
  1113 | D:2      | Reached skill level 1 in Polearms
  1113 | D:2      | Reached skill level 1 in Staves
  1113 | D:2      | Reached skill level 1 in Ranged Weapons
  1113 | D:2      | Reached skill level 1 in Throwing
  1113 | D:2      | Reached skill level 1 in Armour
  1113 | D:2      | Reached skill level 1 in Stealth
  1113 | D:2      | Reached skill level 1 in Shields
  1113 | D:2      | Reached skill level 1 in Spellcasting
  1113 | D:2      | Reached skill level 1 in Evocations
  1389 | D:2      | Reached XP level 4. HP: 19/34 MP: 5/5
  1595 | D:2      | Found a faded altar of an unknown god.
  1610 | D:2      | Prayed at the altar of an unknown god.
  1610 | D:2      | Became a worshipper of Jiyva Jamal the Shapeless
  1610 | D:2      | Reached * piety under Jiyva
  2094 | D:3      | Reached ** piety under Jiyva
  2319 | D:4      | Reached skill level 1 in Conjurations
  2319 | D:4      | Reached skill level 1 in Hexes
  2319 | D:4      | Reached skill level 1 in Summonings
  2319 | D:4      | Reached skill level 1 in Necromancy
  2319 | D:4      | Reached skill level 1 in Translocations
  2319 | D:4      | Reached skill level 1 in Transmutations
  2319 | D:4      | Reached skill level 1 in Fire Magic
  2319 | D:4      | Reached skill level 1 in Ice Magic
  2319 | D:4      | Reached skill level 1 in Air Magic
  2319 | D:4      | Reached skill level 1 in Earth Magic
  2319 | D:4      | Reached skill level 1 in Poison Magic
  2727 | D:4      | Noticed a phantom
  2736 | D:4      | Killed a phantom
  2737 | D:4      | Reached XP level 5. HP: 24/41 MP: 5/7
  2960 | D:4      | Noticed an ogre
  2968 | D:4      | Killed an ogre
  2969 | D:4      | Reached XP level 6. HP: 47/47 MP: 8/8
  2972 | D:4      | Reached *** piety under Jiyva
  2981 | D:4      | Reached skill level 5 in Dodging
  3031 | D:4      | Gained mutation: Armour fits poorly on your pseudopods.
                  | [Jiyva's grace]
  3031 | D:4      | Gained mutation: Armour fits poorly on your large
                  | pseudopods. [Jiyva's grace]
  3031 | D:4      | Gained mutation: Armour fits poorly on your massive
                  | pseudopods. [Jiyva's grace]
  3031 | D:4      | Gained mutation: Your mind is acute. (Int +4, Str/Dex -1)
                  | [Jiyva's grace]
  3129 | D:4      | Identified the +6 chain mail of Tenacity {rN+}
  3270 | D:5      | Entered Level 5 of the Dungeon
  3309 | D:5      | Noticed a black bear
  3342 | D:5      | Killed a black bear
  3425 | D:5      | Noticed a black bear
  3471 | D:5      | Killed a black bear
  3546 | D:5      | Identified the ring "Jeij" {EV+5 Str+9}
  3557 | D:5      | Reached **** piety under Jiyva
  3582 | D:5      | Reached XP level 7. HP: 46/52 MP: 10/10
  3883 | D:6      | Noticed Blork the orc
  3884 | D:6      | Found a staircase to the Ecumenical Temple.
  3892 | D:6      | Killed Blork the orc
  3928 | D:6      | Reached XP level 8. HP: 33/60 MP: 12/12
  4021 | D:6      | Slain by an orc warrior

Illustrated notes

Levels and vault maps discovered:
D:1:      psy_arrival_whirlpool, layout_rooms
D:2:      layout_basic, hellmonk_ecumenical_altar_prayer_group,
          kennysheep_generic_room_15
D:3:      layout_basic
D:4:      layout_loops_corners, serial_co_window_serial, co_window_corner_a,
          co_window_corner_a, co_window_paths_b, co_window_cross_1,
          co_window_corner_a, co_window_unsneaky_path_d,
          co_window_unsneaky_path_d, co_window_corner_b, co_window_2corner
D:5:      layout_rooms
D:6:      layout_cave_pools, minmay_temple_entry_waves, uniq_blork_the_orc

Skill      XL: |  1  2  3  4  5  6  7 |
---------------+----------------------+-----
Invocations    | 1 2 3 |  3.5
Short Blades   | 1 2 3 |  3.2
Long Blades    | 1 2 3 |  3.2
Axes           | 1 2 3 |  3.2
Maces & Flails | 1 2 3 |  3.2
Polearms       | 1 2 3 |  3.2
Staves         | 1 2 3 |  3.2
Ranged Weapons | 1 2 3 |  3.2
Throwing       | 1 2 3 |  3.2
Armour         | 1 2 3 |  3.2
Stealth        | 1 2 3 |  3.2
Shields        | 1 2 3 |  3.2
Spellcasting   | 1 2 3 |  3.2
Evocations     | 1 2 3 |  3.2
Conjurations   | 1 2 |  2.6
Hexes          | 1 2 |  2.6
Summonings     | 1 2 |  2.6
Necromancy     | 1 2 |  2.6
Translocations | 1 2 |  2.6
Transmutations | 1 2 |  2.6
Fire Magic     | 1 2 |  2.6
Ice Magic      | 1 2 |  2.6
Air Magic      | 1 2 |  2.6
Earth Magic    | 1 2 |  2.6
Poison Magic   | 1 2 |  2.6
Fighting       | 3 4 |  4.1
Dodging        | 5 |  5.6
Unarmed Combat | 7 |  7.3
Shapeshifting  | 7 |  7.2

Action                     |  1- 3 |  4- 6 |  7- 9 || total
---------------------------+-------+-------+-------++-------
  Melee: Short sword       |    79 |   110 |    22 ||   211
         Unarmed           |     5 |       |       ||     5
         Punch             |     5 |     3 |     2 ||    10
         Bite              |     8 |     8 |     7 ||    23
         Pseudopods        |       |     3 |    11 ||    14
         War axe           |       |       |    26 ||    26
  Throw: Throwing net      |       |     1 |       ||     1
 Invoke: Oozemancy         |       |       |     1 ||     1
    Use: Potion            |       |     1 |       ||     1
   Stab: Held in net/web   |       |     2 |       ||     2
 Armour: Animal skin       |    25 |       |       ||    25
         Leather armour    |    23 |    39 |    30 ||    92
         Skin              |       |    56 |       ||    56
  Dodge: Dodged            |    56 |    53 |    20 ||   129

Table legend: (Time is in decaauts)
 A = Elapsed time spent in this place.
 B = Non-inter-level travel time spent in this place.
 C = Inter-level travel time spent in this place.
 D = Time resting spent in this place.
 E = Time spent auto-exploring this place.
 F = Levels seen in this place.
 G = Mean time per level.
                   A        B        C        D        E       F      G
               +--------+--------+--------+--------+--------+-----+--------+
         Total |   4014 |   3895 |    119 |    215 |   2845 |   6 |  669.0 |
       Dungeon |   4014 |   3895 |    119 |    215 |   2845 |   6 |  669.0 |
               +--------+--------+--------+--------+--------+-----+--------+

Top non-repeatable levels by time:
     D:2: 1147 daAuts
     D:4: 991 daAuts
     D:1: 581 daAuts
     D:3: 543 daAuts
     D:5: 511 daAuts
     D:6: 240 daAuts
